AoeStats
← IGBBMN

African Clearing

510711506Analyzed
4v4 RM · 1d ago on Oct 2, 2026· 54m 21s· 8 players
Game mode
Random Map
Map size
Large (8 player)
Population
200
Speed
Normal
Resources
Standard
Victory
Conquest
Starting age
Dark Age
Ending age
Imperial Age
RankedLock teamsTeams togetherTeam positionsShared explorationLock speedFull tech treeHidden civsTurbo modeCheats
Victory
Defeat
🇦🇷 Khmer · Argentina
1157
+16
🇨🇳 Vietnamese · China
1149
+16
🇨🇳 Franks · China
1141
+17
🇭🇰 Teutons · Hong Kong SAR China
1129
+17
🇲🇽 Magyars · Mexico
1184
-17
🇰🇬 Huns · Kyrgyzstan
1180
-18
🇵🇱 Bulgarians · Poland
1138
-16
🇮🇳 Malians · India
1125
-15
IGBBMN
6:37 Loom
13:04 Feudal Age
15:29 Scale Barding Armor
16:58 Forging
25:01 Castle Age
26:43 Town Watch
29:12 Chain Barding Armor
28:42 Double-Bit Axe
29:23 Bloodlines
29:51 Scale Mail Armor
30:15 Pikeman
31:33 Husbandry
34:21 Chain Barding Armor
36:40 Imperial Age
40:39 Plate Barding Armor
45:47 Chain Mail Armor
YOU B4STARD!
13:40 Feudal Age
13:48 Man-at-Arms
30:17 Horse Collar
30:23 Double-Bit Axe
35:21 Castle Age
38:07 Wheelbarrow
37:39 Stone Mining
37:43 Gold Mining
38:20 Bow Saw
38:15 Heavy Plow
41:49 Imperial Age
40:20 Stone Shaft Mining
41:50 Squires
41:51 Pikeman
43:38 Scale Mail Armor
45:08 Hand Cart
48:20 Chain Mail Armor
48:16 Forging
49:03 Elite Fire Lancer
51:26 Plate Mail Armor
51:32 Iron Casting
53:24 Paper Money
53:44 Arson
Teutons_CF
6:55 Loom
13:47 Feudal Age
14:24 Double-Bit Axe
14:37 Horse Collar
21:05 Castle Age
19:38 Horse Collar
20:19 Gold Mining
20:27 Town Watch
22:17 Heavy Plow
22:33 Scale Barding Armor
23:11 Bloodlines
25:39 Chain Barding Armor
26:30 Bow Saw
28:13 Wheelbarrow
27:35 Stone Mining
28:45 Forging
31:59 Fletching
32:44 Iron Casting
33:55 Hand Cart
38:53 Iron Casting
38:48 Scale Mail Armor
38:45 Bodkin Arrow
39:22 Squires
39:53 Pikeman
40:51 Chain Mail Armor
53:58 Imperial Age
55:11 Conscription
54:16 Halberdier
showland_wolf
3:44 Loom
5:28 Loom
6:12 Loom
15:14 Feudal Age
17:43 Double-Bit Axe
17:51 Stone Mining
17:53 Gold Mining
21:19 Castle Age
21:01 Town Watch
23:20 Bow Saw
23:48 Gold Shaft Mining
25:51 Husbandry
30:52 Murder Holes
32:55 Wheelbarrow
32:24 Scale Mail Armor
34:21 Hand Cart
37:29 Imperial Age
35:53 Forging
35:34 Fletching
35:59 Chain Mail Armor
35:31 Pikeman
36:12 Squires
37:30 Ballistics
36:52 Treadmill Crane
37:22 Masonry
38:59 Halberdier
39:03 Cavalier
39:52 Siege Engineers
40:48 Chemistry
40:19 Architecture
40:05 Arson
41:26 Scale Barding Armor
41:57 Iron Casting
41:58 Town Patrol
42:01 Chivalry
42:22 Conscription
42:38 Hoardings
42:29 Chain Barding Armor
42:06 Bodkin Arrow
43:46 Paladin
47:42 Blast Furnace
47:19 Plate Barding Armor
49:07 Plate Mail Armor
.ebz
Jesusssx
12:25 Loom
14:45 Feudal Age
Te0n
7:10 Loom
14:38 Feudal Age
15:51 Double-Bit Axe
19:12 Castle Age
19:13 Stone Mining
19:17 Gold Mining
19:10 Horse Collar
22:08 Bow Saw
24:07 Gold Shaft Mining
27:45 Wheelbarrow
27:42 Heavy Plow
29:18 Bloodlines
29:09 Husbandry
29:46 Hand Cart
29:52 Scale Barding Armor
29:58 Forging
31:31 Chain Barding Armor
31:46 Iron Casting
32:51 Marauders
36:23 Imperial Age
34:29 Fletching
36:12 Town Watch
36:25 Bodkin Arrow
36:42 Elite Tarkan
37:43 Conscription
38:26 Blast Furnace
43:08 Bracer
44:18 Two-Man Saw
44:33 Town Patrol
46:49 Chemistry
46:09 Ballistics
46:00 Masonry
hmscsna
5:41 Loom
14:38 Feudal Age
19:43 Wheelbarrow
22:54 Castle Age
21:19 Fletching
29:55 Horse Collar
32:51 Hand Cart
36:13 Forging
Connection lost

Rejoining the realm…

Still unreachable

The connection could not be restored.

Session expired

The server has moved on; the page needs a fresh start.